 Dungeon Crawl Stone Soup version 0.27.1-33-g824d729ab1 (webtiles) character file.

Game seed: 18082777484045388470

83 zeram the Covert (level 4, 0/29 HPs)
             Began as an Octopode Brigand on Dec 30, 2021.
             Slain by a kobold (3 damage)
             ... on level 3 of the Dungeon.
             The game lasted 00:01:47 (2064 turns).

zeram the Covert (Octopode Brigand)                 Turns: 2064, Time: 00:01:48

Health: 0/29       AC:  1    Str: 10    XL:     4   Next: 44%
Magic:  4/4        EV: 12    Int: 14    God:
Gold:   91         SH:  0    Dex: 13    Spells: 3/3 levels left

rFire    . . .     SeeInvis +   a - +2 dagger
rCold    . . .     Faith    .   (no shield)
rNeg     . . .     Spirit   .   (helmet restricted)
rPois    .         Reflect  .   (no amulet)
rElec    .         Harm     .   h - ring of see invisible
rCorr    .         Rampage  .   (no ring)
Will     .....                  (no ring)
Stlth    +++++.....             (no ring)
HPRegen  0.09/turn              (no ring)
MPRegen  0.09/turn              (no ring)
                                (no ring)
                                (no ring)

@: lethally poisoned (0 -> -15)
A: almost no armour, amphibious, 8 rings, camouflage 1, gelatinous body 1,
(nimble swimmer 1), tentacles
a: no special abilities


You were on level 3 of the Dungeon.
You visited 1 branch of the dungeon, and saw 3 of its levels.

You collected 91 gold pieces.

Inventory:

Hand Weapons
 a - a +2 dagger (weapon)
Missiles
 b - 19 poisoned darts (quivered)
 c - 2 curare-tipped darts
Jewellery
 h - a ring of see invisible (left tentacle)
Scrolls
 e - 2 scrolls of amnesia {unknown}
 f - 2 scrolls of teleportation {unknown}
 g - a scroll of brand weapon {unknown}
 j - 3 scrolls of immolation
 k - a scroll of magic mapping {unknown}
Potions
 d - 3 potions of curing
 i - 3 potions of degeneration
 l - a potion of heal wounds
 m - a potion of magic {unknown}


   Skills:
 - Level 2.0 Fighting
 - Level 2.0 Short Blades
 - Level 2.0 Throwing
 - Level 1.0 Dodging
 * Level 8.0 Stealth


You had 3 spell levels left.
You didn't know any spells.
Your spell library was empty.

Dungeon Overview and Level Annotations

Branches:
Dungeon (3/15)

Altars:


Innate Abilities, Weirdness & Mutations

You cannot wear most types of armour.
You are amphibious.
You can wear up to eight rings at the same time.
Your skin changes colour to match your surroundings (Stealth+).
Your rubbery body absorbs attacks. (AC +1, EV +1)
((You are camouflaged near water. (Stealth+)))
You have tentacles for arms and can constrict up to eight enemies at once.


Message History

You kill the hobgoblin!
You hit the hobgoblin.
You kill the hobgoblin!
Your Stealth skill increases to level 8!
You completely miss the ball python. You grab the ball python.
You constrict the ball python, but do no damage.
The ball python bites you. The ball python closely misses you.
You hit the ball python. You squeeze the ball python.
You kill the ball python!
You barely miss the goblin. Your grab misses the goblin.
The goblin hits you with a +0 dagger.
You are too injured to fight recklessly!
You are too injured to fight recklessly!
You are too injured to fight recklessly!
You are too injured to fight recklessly!
Unknown command.
You hit the goblin.
You kill the goblin!
You hit the endoplasm.
The endoplasm is almost dead.
The endoplasm freezes you.
You are frozen.
You hit the endoplasm.
You kill the endoplasm!
The kobold throws a poisoned dart.
The poisoned dart barely misses you. The kobold hits you but does no damage.
You are lethally poisoned!
Things that are here:
a +0 dagger; a ball python corpse; a hobgoblin corpse You barely miss the kobold.
Your grab misses the kobold.
* * * LOW HITPOINT WARNING * * *
You feel sick.
The kobold hits you with a +0 short sword of venom.
* * * LOW HITPOINT WARNING * * *
You are more poisoned.
You closely miss the kobold. You grab the kobold. You constrict the kobold.
* * * LOW HITPOINT WARNING * * *
You feel very sick.
The kobold hits you with a +0 short sword of venom.
You die...

..........#
..........
#........##
..........#
..........#
..........# ####
..........# ...##
..........###....#..#
#........K@..#.....#
### ##......####..# #
#g. ######## ##.# .#
#.. #.##.## ..
#..[..# . #####.#...#
##...†.#...# #
###..##### ..## ###
##...## ....####..


You could see a kobold.

Vanquished Creatures
  4 adders
  2 worms
  2 dart slugs
  4 endoplasms
  4 giant cockroaches
  3 hobgoblins
  3 kobolds
  A quokka (D:1)
  5 ball pythons
  A bat (D:1)
  4 frilled lizards
  3 goblins
  3 rats
39 creatures vanquished.

Notes
Turn   | Place    | Note
-------+----------+-------------------------------------------
     0 | D:1      | zeram the Octopode Brigand began the quest for the Orb.
     0 | D:1      | Reached XP level 1. HP: 14/14 MP: 1/1
   198 | D:1      | Reached XP level 2. HP: 16/19 MP: 2/2
   302 | D:1      | Reached skill level 6 in Stealth
   751 | D:2      | Reached XP level 3. HP: 24/24 MP: 3/3
  1196 | D:2      | Reached skill level 7 in Stealth
  1629 | D:3      | Reached XP level 4. HP: 22/29 MP: 4/4
  1958 | D:3      | Found a faded altar of an unknown god.
  2056 | D:3      | Reached skill level 8 in Stealth
  2064 | D:3      | Slain by a kobold

Illustrated notes

Levels and vault maps discovered:
D:1:      amcnicky_arrival_feature_with_door, layout_loops_ring
D:2:      layout_loops_corners, chequers_serial_rivers_small_3
D:3:      layout_rooms, basic_ecumenical_altar, serial_bayou_pond_e,
          kennysheep_orc_chapel, uniq_grinder

Skill      XL: |  1  2  3  4 |
---------------+-------------+-----
Stealth        | 6 7 8 |  8.0
Fighting       | |  2.0
Short Blades   | |  2.0
Throwing       | |  2.0
Dodging        | |  1.0

Action                   |  1- 3 |  4- 6 || total
-------------------------+-------+-------++-------
Melee: Dagger            |    45 |    22 ||    67
       Constrict         |    11 |     6 ||    17
       Tentacles         |     8 |     3 ||    11
  Use: Scroll            |     4 |       ||     4
 Stab: Sleeping          |    12 |     2 ||    14
Armor: Skin              |     2 |     2 ||     4
Dodge: Dodged            |    17 |     6 ||    23
